 Dungeon Crawl Stone Soup version 0.31-a0-220-gc2f4f3cf83 (webtiles) character file.

Game seed: 28607051411129575

36 qw the Chopper (level 3, -3/23 HPs)
             Began as a Gargoyle Fighter on July 3, 2023.
             Killed by nerve-wracking pain
             ... invoked by Jessica
              (7 damage)
             ... on level 2 of the Dungeon.
             The game lasted 00:00:21 (840 turns).

qw the Chopper (Gargoyle Fighter)                    Turns: 840, Time: 00:00:21

Health: -3/23      AC: 10    Str: 21    XL:     3   Next: 37%
Magic:  3/3        EV:  9    Int:  8    God:
Gold:   68         SH:  4    Dex:  9    Spells: 2/2 levels left

rFire   . . .        Y - +0 war axe
rCold   . . .        c - +0 buckler
rNeg    + . .        b - +0 scale mail
rPois   inf          (no helmet)
rElec   +            (no cloak)
rCorr   .            (no gloves)
SInv    .            (no boots)
Will    .....        (no amulet) Stlth
                     (no ring)
HPRegen 0.23/turn    (no ring)
MPRegen 0.08/turn

%: no passive effects
@: slowed, very slow
A: sickness immunity, AC +3, negative energy resistance 1, electricity
resistance, torment resistance 1, petrification resistance
a: no special abilities


You were on level 2 of the Dungeon.
You visited 1 branch of the dungeon, and saw 2 of its levels.

You collected 68 gold pieces.


Innate Abilities, Weirdness & Mutations

You are immune to sickness and miasma.
Your stone body is resilient. (AC +3)
You are immune to poison.
You resist negative energy. (rN+)
You are resistant to electric shocks. (rElec)
You are resistant to unholy torment.
You are immune to petrification.


   Skills:
 - Level 3.2 Fighting
 + Level 3.3 Axes
 - Level 3.2 Armour
 - Level 3.2 Shields


You had 2 spell levels left.
You didn't know any spells.
Your spell library was empty.

Inventory:

Hand Weapons
 e - a +0 club
 Y - a +0 war axe (weapon)
Armour
 a - a +0 cloak
 b - a +0 scale mail (worn)
 c - a +0 buckler (worn)
Scrolls
 f - a scroll of identify {unknown}
Potions
 d - a potion of might
 g - a potion of attraction {unknown}
 h - a potion of haste {unknown}
 j - a potion of ambrosia {unknown}

Dungeon Overview and Level Annotations

Branches:
Dungeon (2/15)

Altars:

Annotations:
D:2 Jessica


Message History

Jessica gestures wildly while chanting.
Jessica blinks!
Jessica zaps a wand.
The puff of flame hits you but does no damage.
Enter note:
Enter note: You barely miss the hobgoblin.
You block the hobgoblin's attack.
Jessica points at you and mumbles some strange words.
You feel as though you will be slow longer.
The hobgoblin hits you but does no damage.
You hit the hobgoblin.
You kill the hobgoblin!
Jessica points at you and mumbles some strange words.
Pain shoots through your body! You block the goblin's attack.
You barely miss the worm. You slash the goblin!
You kill the goblin!
Jessica gestures wildly.
Jessica zaps a wand.
The puff of flame hits you.
Jessica zaps a wand.
The puff of flame hits you. The worm closely misses you.
You hit the worm but do no damage. Jessica gestures at you while chanting.
Pain shoots through your body! The worm bites you but does no damage.
Jessica barely misses you.
You hit Jessica.
Jessica is severely wounded.
You hit the worm but do no damage.
Jessica casts a spell.
Jessica seems to speed up.
The worm bites you.
You hit Jessica but do no damage.
Jessica is severely wounded.
You slash the worm!
Jessica hits you with a +1 dagger of venom.
Jessica gestures wildly while chanting.
Jessica blinks!
The worm closely misses you. The worm completely misses you.
You barely miss the worm.
The worm is moderately wounded.
Jessica gestures at you while chanting. Pain shoots through your body!
You die...

# ### .. #### #####
#.##### #..#...##...##
##.##...
....[........##
#...#.##
..............###.#.#.#
..................#...#
......)@@......#####..#
......w...............#
.=.....##...#########..
.........##.# ####
.....###. #.# ....# #.
#.# ...# ## .# #..


You could see a worm and Jessica (fast).

Vanquished Creatures
  An adder (D:2)
  3 ball pythons
  3 giant cockroaches
  5 goblins
  4 hobgoblins
  A kobold (D:1)
  2 quokkas (D:1)
  A frilled lizard (D:1)
  3 rats (D:1)
23 creatures vanquished.

Notes
Turn   | Place    | Note
-------+----------+-------------------------------------------
     0 | D:1      | qw the Gargoyle Fighter began the quest for the Orb.
     0 | D:1      | Reached XP level 1. HP: 14/14 MP: 1/1
     0 | D:1      | 0 ||| qw: Version: 0.3-a-40-ge99b1a8
     0 | D:1      | 0 ||| qw: Game counter: 463
     0 | D:1      | 0 ||| qw: Melee chars always use a shield: true
     0 | D:1      | 0 ||| qw: God list: Okawaru
     0 | D:1      | 0 ||| qw: Allow faded altars: false
     0 | D:1      | 0 ||| qw: Do Orc after clearing Dungeon:15 true
     0 | D:1      | 0 ||| qw: Do second Lair branch before Depths: true
     0 | D:1      | 0 ||| qw: Lair rune preference: random
     0 | D:1      | 0 ||| qw: Goals: Normal, Zot:1-4, Slime:5, God:TSO, Crypt,
                  | Tomb, Abyss, Pan, Hells, Win
     0 | D:1      | 0 ||| PLANNING D:1-11
    99 | D:1      | Reached XP level 2. HP: 18/19 MP: 2/2
   662 | D:1      | 662 ||| READING scroll labelled UQAKOO HI USANIED.
   663 | D:1      | 663 ||| READING scroll labelled ZIUNET ERYHA.
   696 | D:2      | Reached skill level 3 in Axes
   696 | D:2      | Reached XP level 3. HP: 23/23 MP: 3/3
   827 | D:2      | Noticed Jessica
   839 | D:2      | HP: 3/23 [Jessica/+1 dagger of venom (4)]
   840 | D:2      | Killed from afar by Jessica

Levels and vault maps discovered:
D:1:      evilmike_arrival_hilbert_curve, layout_loops_ring
D:2:      minmay_diamond_boxcup, layout_rooms, uniq_jessica

Skill      XL: |  1  2 |
---------------+-------+-----
Axes           | 2 3 |  3.3
Fighting       | |  3.2
Armour         | |  3.2
Shields        | |  3.2

Action                     || total
---------------------------++-------
  Melee: War axe           ||    58
    Use: Scroll            ||     2
 Armour: Scale mail        ||    30
  Dodge: Dodged            ||    20
  Block: Buckler           ||    12

Table legend:
 A = Non-vault XP
 B = Vault XP
 C = Vault XP percentage of total XP
 D = Non-vault monster count
 E = Vault monster count
 F = Vault count percentage of total count
                 A         B        C        D         E       F
            +---------+---------+-------+---------+---------+-------
      Total |      52 |       0 |   0.0 |      23 |       0 |   0.0
            +---------+---------+-------+---------+---------+-------
        D:1 |      22 |       0 |   0.0 |      13 |       0 |   0.0
        D:2 |      30 |       0 |   0.0 |      10 |       0 |   0.0
            +---------+---------+-------+---------+---------+-------
